 Dungeon Crawl Stone Soup version 0.21.1-1-g345015f (webtiles) character file.

196 Kagorn the Skirmisher (level 5, -1/34 HPs)
             Began as a Gargoyle Fighter on July 22, 2018.
             Killed by divine providence
             ... invoked by an orc priest
              (13 damage)
             ... on level 3 of the Dungeon.
             The game lasted 00:11:30 (3479 turns).

Kagorn the Skirmisher (Gargoyle Fighter)            Turns: 3479, Time: 00:11:30

Health: -1/34      AC: 11    Str: 19    XL:     5   Next: 74%
Magic:  4/4        EV:  7    Int:  9    God:
Gold:   251        SH: 10    Dex: 10    Spells: 4/4 levels left

rFire    . . .     SeeInvis .   a - +3 long sword
rCold    . . .     Gourm    .   c - +1 shield
rNeg     + . .     Faith    .   b - +0 scale mail
rPois    ∞         Spirit   .   (no helmet)
rElec    +         Reflect  .   (no cloak)
rCorr    .         Harm     .   (no gloves)
MR       .....                  (no boots)
Stlth    ..........             (no amulet)
HPRegen  0.11/turn              (no ring)
MPRegen  0.09/turn              (no ring)

@: flying, very slightly contaminated, invisible
A: hooves 1, low mp 1, negative energy resistance 1, electricity resistance,
unbreathing, petrification resistance, rot immunity, AC +4
a: no special abilities


You were on level 3 of the Dungeon.
You were not hungry.

You visited 1 branch of the dungeon, and saw 5 of its levels.

You collected 251 gold pieces.

Inventory:

Hand Weapons
 a - a +3 long sword (weapon)
Missiles
 g - 129 stones (quivered)
Armour
 b - a +0 scale mail (worn)
 c - a +1 shield (worn)
 o - a cursed +0 leather armour
Jewellery
 h - the ring of Amisk {rCorr *Corrode rF+ Dex+2, unknown}
   (You found it on level 4 of the Dungeon)

   [ring of resist corrosion]

   It affects your dexterity (+2).
   It protects you from fire.
   It may corrode you when you take damage.
Scrolls
 i - a scroll of random uselessness
 j - 6 scrolls of identify
 k - 4 scrolls of remove curse
 p - a scroll of teleportation
Potions
 d - a potion of might
Comestibles
 f - 2 rations


   Skills:
 * Level 4.4 Fighting
 * Level 3.3 Long Blades
 + Level 3.9 Armour
 + Level 1.3 Dodging
 + Level 3.9 Shields


You had 4 spell levels left.
You didn't know any spells.

Dungeon Overview and Level Annotations

Branches:
Dungeon (5/15)
 Temple: D:4-7

Altars:

Annotations:
D:5 Eustachio


Innate Abilities, Weirdness & Mutations

You are resistant to torment.
Your stone body is resilient. (AC +4)
You are immune to poison.
You resist negative energy. (rN+)
You are resistant to electric shocks. (rElec)
You can survive without breathing.
You are immune to petrification.
You are immune to rotting.
You have large cloven feet.
Your magical capacity is low. (-10% MP)


Message History

The orc priest hits you but does no damage.
You fly upwards.
There is a stone staircase leading down here.
You feel better. The orc closely misses you.
The jackal bites you but does no damage.
You fade into invisibility!
You block the orc priest's attack. The jackal closely misses you.
You block the orc's attack.
You are very lightly contaminated with residual magic.
The orc priest hits you but does no damage.
The jackal bites you but does no damage.
The jackal bites you but does no damage.
The jackal barely misses you.
You riposte.
You catch the helpless jackal completely off-guard!
You slash the jackal!
You kill the jackal!
The orc priest looks braver for a moment.
The orc priest mumbles some strange prayers to Beogh against you.
Beogh smites you!
You die...

##.....###########.# #
##.......#........#.#
####..........###....#.#
...'.........o..o....#.#
.###..........##.......#
.# ##.[.....#.##o#.#.###
.# ##.>...##.##.###.# .#
##...###.##.###.# .#
##'## #...@....# .# #.#
####.##### .# #.# #.# .#
##.## #.# ># ##...## #.#
.#####.....#####.#
.................#
.#######.######### ##
###


You could see an orc priest and an orc.

Vanquished Creatures
  An iguana (D:4)
  A hound zombie (D:3)
  6 adders
  An adder zombie (D:5)
  2 worms (D:2)
  A dart slug (D:3)
  3 leopard geckos (D:1)
  7 orcs
  7 bats
  A giant cockroach (D:2)
  9 goblins
  6 hobgoblins
  13 jackals
  11 kobolds
  2 quokkas (D:3)
  4 rats
75 creatures vanquished.

Notes
Turn   | Place    | Note
-------+----------+-------------------------------------------
     0 | D:1      | Kagorn the Gargoyle Fighter began the quest for the Orb.
     0 | D:1      | Reached XP level 1. HP: 14/14 MP: 1/1
   177 | D:1      | Reached XP level 2. HP: 9/19 MP: 2/2
   918 | D:1      | Reached XP level 3. HP: 24/24 MP: 3/3
  1386 | D:2      | Reached XP level 4. HP: 20/29 MP: 4/4
  1423 | D:2      | Reached skill level 4 in Fighting
  1990 | D:3      | Reached skill level 1 in Dodging
  2357 | D:3      | Reached XP level 5. HP: 30/33 MP: 5/5
  2840 | D:3      | You fall through a shaft for 2 floors!
  2840 | D:5      | Entered Level 5 of the Dungeon
  2926 | D:5      | Noticed Eustachio
  2969 | D:5      | Noticed a phantom
  2991 | D:5      | Noticed an ice beast
  3298 | D:4      | Got a faintly glowing pewter ring
  3317 | D:3      | Gained mutation: Your magical capacity is low. (-10% MP) [potion of mutation]
  3317 | D:3      | Gained mutation: You have large cloven feet. [potion of mutation]
  3461 | D:4      | HP: 1/34 [jackal (2)]
  3479 | D:3      | Killed from afar by an orc priest

Skill      XL: |  1  2  3  4 |
---------------+-------------+-----
Long Blades    | 2 3 |  3.3
Fighting       | 4 |  4.4
Dodging        | 1 |  1.3
Armour         | |  3.9
Shields        | |  3.9

Action                   |  1- 3 |  4- 6 || total
-------------------------+-------+-------++-------
Melee: Long sword        |   143 |   159 ||   302
       Unarmed           |       |     4 ||     4
       Kick              |       |     2 ||     2
  Use: Scroll            |       |    10 ||    10
       Potion            |       |     6 ||     6
 Stab: Invisible         |       |     1 ||     1
  Eat: Chunk             |     1 |     1 ||     2
       Ration            |     1 |     1 ||     2
Armor: Scale mail        |    86 |   140 ||   226
       Skin              |       |     5 ||     5
Dodge: Dodged            |    51 |   103 ||   154
Block: Shield            |    89 |   113 ||   202
       Rpst.: Long sword |    17 |    26 ||    43
